 Dungeon Crawl Stone Soup version 0.29.1-15-g9cfb28693d (webtiles) character file.

Game seed: 4101842504426017371

701 hawla the Cudgeller (level 8, -2/54 (58) HPs)
             Began as a Meteoran Ice Elementalist on Apr 23, 2023.
             Slain by a hound (5 damage)
             ... on level 6 of the Dungeon.
             The game lasted 00:07:36 (2191 turns).

hawla the Cudgeller (Meteoran Ice Elementalist)     Turns: 2191, Time: 00:07:37

HP:   -2/54 (58)    AC:  3    Str: 10    XL:     8   Next: 18%
MP:   7/14          EV: 13    Int: 18    God:
Gold: 198           SH:  0    Dex: 15    Spells: 6/14 levels left

rFire   . . .      SeeInvis .   e - +0 flail (protect)
rCold   . . .      Faith    .   (no shield)
rNeg    . . .      Spirit   .   a - +0 robe
rPois   .          Reflect  .   (no helmet)
rElec   .          Harm     .   (no cloak)
rCorr   .          Rampage  .   d - +0 pair of gloves
Will    .....                   (no boots)
Stlth   +.........              (no amulet)
HPRegen 0.18/turn               (no ring)
MPRegen 0.14/turn               (no ring)

@: weak-willed, freezing walls, very slightly contaminated, glowing, drained
A: sense surroundings 1, otherworldly, glowing, explore regen
a: no special abilities


You were on level 6 of the Dungeon.
You visited 1 branch of the dungeon, and saw 6 of its levels.

You collected 198 gold pieces.

Inventory:

Hand Weapons
 e - a +0 flail of protection (weapon)
Armour
 a - a +0 robe (worn)
 d - a +0 pair of gloves (worn)
Scrolls
 b - a scroll of noise
 k - 3 scrolls of identify
Potions
 f - a potion of mutation {unknown}
 h - 3 potions of curing
 i - a potion of cancellation
 j - 2 potions of haste {unknown}


   Skills:
 - Level 0.3 Fighting
 + Level 6.1 Maces & Flails
 - Level 2.8 Dodging
 - Level 1.4 Stealth
 - Level 3.9 Spellcasting
 - Level 5.7 Conjurations
 - Level 5.7 Ice Magic


You had 6 spell levels left.
You knew the following spells:

 Your Spells              Type           Power      Damage    Failure   Level
a - Freeze                Ice            96%        1d11      1%          1
b - Frozen Ramparts       Ice            48%        1d8       4%          3
c - Hailstorm             Conj/Ice       24%        3d7       14%         4

Your spell library contained the following spells:

 Spells                   Type           Power      Damage    Failure   Level
 Ozocubu's Armour         Ice            24%        N/A       4%          3
 Dazzling Flash           Conj/Hex       26%        N/A       14%         3
 Iskenderun's Battlesphe  Conj           24%        2d8       36%         5
 Fireball                 Conj/Fire      6%         3d5       78%         5
 Agony                    Necr           3%         N/A       99%         5
 Silence                  Hex/Air        1%         N/A       99%         5
 Conjure Ball Lightning   Conj/Air       6%         3x3d6     100%        6
 Orb of Destruction       Conj           12%        9d7       100%        7


Dungeon Overview and Level Annotations

Branches:
Dungeon (6/15) Zot: 1403
 Temple: D:4-7

Altars:
Cheibriados


Innate Abilities, Weirdness & Mutations

You passively map a small area around you.
You are easily found by Zot.
You glow in the dark.
You regain HP and MP as you explore.


Message History

Found a jewelled wooden wand.
The hound barks!
The hound barely misses you. The bullfrog closely misses you.
The gnoll bouda barely misses you. The hound bites you but does no damage.
The iguana bites you!
* * * LOW HITPOINT WARNING * * *
There is an open door, spattered with blood here.
You feel much better. The bullfrog closely misses you.
The hound completely misses you. The gnoll bouda barely misses you.
The iguana bites you.
Casting: Frozen Ramparts (dangerous; 4% risk of failure)
Confirm with . or Enter, or press ? or * to list all spells.
Casting: Frozen Ramparts (dangerous; 4% risk of failure)
Press: ? - help, Dir - look around, f - activate An open door, spattered with blood.
The walls around you are covered in ice.
The wall freezes the bullfrog.
The bullfrog barely misses you.
The wall freezes the hound.
The hound bites you.
The wall freezes the bullfrog.
The bullfrog hits you but does no damage.
The wall freezes the scorpion.
The wall freezes the hound.
The hound bites you.
The wall freezes the necrophage but does no damage.
The wall freezes the jelly.
The wall freezes the gnoll bouda.
The gnoll bouda hits you with a +0 whip!
* * * LOW HITPOINT WARNING * * *
The wall freezes the iguana.
The iguana seems to slow down.
The iguana misses you.
Casting: Frozen Ramparts (dangerous; 4% risk of failure)
Confirm with . or Enter, or press ? or * to list all spells.
Casting: Hailstorm (dangerous; 14% risk of failure)
Press: ? - help, Dir - look around, f - activate You miscast Hailstorm.
You are very lightly contaminated with residual magic.
Energy rips through your body!
* * * LOW HITPOINT WARNING * * *
The wall freezes the bullfrog.
The bullfrog seems to slow down.
The bullfrog closely misses you.
The wall freezes the scorpion but does no damage.
The wall freezes the hound but does no damage.
The hound bites you.
You die...

* * , * , * , ,
* * * , ######
##### .."..
##...## ,
,#...##s....##
#...#ln...$.# ,
#...@Fhg....# ,
,
*#..h#gJ.....#
*
#...##....?##**
#./.*##...## ,,
, #...* ##### ,
* * #... * ,
+... , * , #...


You could see a necrophage, a bullfrog (slow), a gnoll bouda, a scorpion, an
iguana (slow), 2 hounds, a jelly and a gnoll (swift).

Vanquished Creatures
  Eustachio (D:5)
  An orc warrior (D:4)
  A gnoll sergeant (D:5)
  A scorpion (D:4)
  A hound (D:5)
  2 orc priests
  An iguana (D:4)
  3 orc wizards
  A mummy (D:4)
  4 gnolls (D:5)
  3 adders (D:5)
  An ufetubus (D:5)
  4 dart slugs
  21 orcs
  4 ball pythons
  A bat (D:1)
  An endoplasm (D:3)
  4 goblins
  3 hobgoblins
  3 quokkas
  6 frilled lizards
  2 kobolds (D:4)
  A rat (D:2)
70 creatures vanquished.

Notes
Turn   | Place    | Note
-------+----------+-------------------------------------------
     0 | D:1      | hawla the Meteoran Ice Elementalist began the quest for the
                  | Orb.
     0 | D:1      | Reached XP level 1. HP: 14/14 MP: 5/5
    56 | D:1      | Reached XP level 2. HP: 20/20 MP: 2/6
   181 | D:2      | Reached skill level 5 in Ice Magic
   185 | D:2      | Reached XP level 3. HP: 26/26 MP: 2/8
   600 | D:3      | Learned a level 3 spell: Frozen Ramparts
   647 | D:3      | Reached XP level 4. HP: 30/33 MP: 3/10
   664 | D:4      | Reached XP level 5. HP: 22/39 MP: 9/11
   670 | D:4      | Learned a level 4 spell: Hailstorm
   712 | D:4      | Noticed an orc warrior
   719 | D:4      | Killed an orc warrior
   720 | D:4      | Reached XP level 6. HP: 19/46 MP: 2/12
   920 | D:4      | Reached skill level 5 in Conjurations
  1224 | D:4      | Reached XP level 7. HP: 51/51 MP: 8/13
  1320 | D:4      | Found a snail-covered altar of Cheibriados.
  1533 | D:5      | Entered Level 5 of the Dungeon
  1546 | D:5      | Reached skill level 1 in Maces & Flails
  1664 | D:5      | Reached skill level 2 in Maces & Flails
  1682 | D:5      | Reached skill level 3 in Maces & Flails
  1699 | D:5      | Reached skill level 4 in Maces & Flails
  1746 | D:5      | Noticed Eustachio
  1754 | D:5      | Killed Eustachio
  1755 | D:5      | Reached skill level 5 in Maces & Flails
  1755 | D:5      | Reached XP level 8. HP: 37/58 MP: 2/14
  1784 | D:5      | Reached skill level 6 in Maces & Flails
  2188 | D:6      | HP: 2/54 [iguana (11)]
  2191 | D:6      | Slain by a hound

Illustrated notes

Levels and vault maps discovered:
D:1:      dpeg_arrival_round_b, layout_basic, minmay_vboxes
D:2:      layout_basic, minmay_misc_feat_more_columns, minmay_statues_item
D:3:      layout_rooms, nicolae_overflow_hidden_temple,
          mainiacjoe_overflow_surrounded_room, nicolae_overflow_crystal_walls,
          serial_forest, infiniplex_forest_straight_2,
          infiniplex_forest_straight_4, infiniplex_forest_lined_room_3,
          infiniplex_forest_lined_room_2, grunt_decor_one_mirror
D:4:      nicolae_cairo_tiling, layout_basic, slow_altar_2,
          guppyfry_early_orc_mine
D:5:      layout_loops_ring, uniq_eustachio
D:6:      minmay_opposing_rooms, layout_loops_cross, temple_pool_b,
          lightli_ossuary_entry_decrepit_ruins

Skill      XL: |  1  2  3  4  5  6  7  8 |
---------------+-------------------------+-----
Ice Magic      | 5 |  5.7
Spellcasting   | 3 |  3.9
Conjurations   | 3 5 |  5.7
Maces & Flails | 5 6 |  6.1
Fighting       | |  0.3
Dodging        | |  2.8
Stealth        | |  1.4

Action                   |  1- 3 |  4- 6 |  7- 9 || total
-------------------------+-------+-------+-------++-------
Melee: Unarmed           |     3 |    13 |    11 ||    27
       Flail             |       |       |    29 ||    29
 Cast: Freeze            |    25 |    19 |    10 ||    54
       Frozen Ramparts   |     4 |    10 |     8 ||    22
       Hailstorm         |       |       |     4 ||     4
  Use: Potion            |       |     3 |     2 ||     5
       Scroll            |       |       |     8 ||     8
Armor: Robe              |     6 |    11 |    19 ||    36
Dodge: Dodged            |    11 |    10 |    56 ||    77
